AoeStats
← CD | Wooddy

QS Arena

502901174Analyzed
4v4 RM · 1mo ago on Aug 29, 2026· 59m 6s· 8 players
Game mode
Random Map
Map size
Large (8 player)
Population
200
Speed
Normal
Resources
Standard
Victory
Conquest
Starting age
Dark Age
Ending age
Imperial Age
RankedLock teamsTeams togetherTeam positionsShared explorationLock speedFull tech treeHidden civsTurbo modeCheats
Victory
Defeat
🇺🇸 Japanese · United States
659
+7
🇨🇿 Teutons · Czechia
588
+10
🇪🇸 Britons · Spain
578
+10
🇮🇳 Wu · India
575
+10
🇮🇹 Burgundians · Italy
524
-13
🇨🇳 Tupi · China
468
-10
🇨🇳 Chinese · China
440
-9
🇺🇸 Armenians · United States
331
-6
jordanm708
35:26 Feudal Age
36:54 Wheelbarrow
36:05 Horse Collar
36:14 Double-Bit Axe
36:31 Gold Mining
39:15 Padded Archer Armor
39:26 Forging
39:58 Fletching
42:23 Stone Mining
45:13 Castle Age
44:32 Scale Mail Armor
46:33 Bodkin Arrow
46:54 Leather Archer Armor
47:15 Iron Casting
46:11 Crossbowman
47:50 Heavy Plow
48:12 Hand Cart
48:18 Bow Saw
48:50 Gold Shaft Mining
61:46 Imperial Age
59:24 Caravan
rainbow_searcher
1:38 Wheelbarrow
0:49 Loom
14:39 Horse Collar
14:48 Double-Bit Axe
15:00 Gold Mining
15:12 Stone Mining
20:24 Feudal Age
21:26 Heavy Plow
24:56 Gold Shaft Mining
25:00 Stone Shaft Mining
24:42 Bow Saw
25:00 Scale Barding Armor
25:06 Forging
27:52 Castle Age
25:57 Fletching
27:53 Cavalier
28:37 Husbandry
29:44 Chain Barding Armor
30:23 Iron Casting
31:06 Crop Rotation
34:27 Fortified Wall
35:08 Murder Holes
38:34 Guilds
38:28 Caravan
40:36 Ballistics
59:23 Imperial Age
全力释放
1:37 Loom
8:55 Feudal Age
15:37 Castle Age
14:34 Padded Archer Armor
20:02 Double-Bit Axe
19:59 Horse Collar
20:11 Gold Mining
20:12 Stone Mining
21:09 Wheelbarrow
20:21 Town Watch
23:12 Heavy Plow
23:24 Bow Saw
23:28 Fletching
23:32 Treadmill Crane
26:32 Hand Cart
26:55 Ballistics
27:13 Murder Holes
28:54 Gold Shaft Mining
28:18 Bodkin Arrow
28:47 Leather Archer Armor
29:04 Caravan
30:51 Coinage
33:41 Town Patrol
38:48 Elite Skirmisher
42:34 Imperial Age
43:21 Curare
42:56 Elite Blackwood Archer
43:49 Bracer
44:21 Ring Archer Armor
44:53 Two-Man Saw
46:06 Chemistry
乔巴
4:01 Loom
11:52 Feudal Age
15:08 Horse Collar
15:18 Double-Bit Axe
24:28 Castle Age
25:57 Gold Mining
26:12 Heavy Plow
26:52 Wheelbarrow
34:47 Imperial Age
35:51 Thumb Ring
36:13 Ballistics
37:05 Fletching
37:16 Padded Archer Armor
37:35 Masonry
39:16 Bodkin Arrow
39:38 Leather Archer Armor
42:10 Elite Chu Ko Nu
44:36 Conscription
44:18 Bracer
44:49 Ring Archer Armor
46:44 Gold Shaft Mining
47:29 Fortified Wall
47:51 Architecture
48:22 Chemistry
54:53 Bow Saw
DarkSaintOfWar
12:52 Feudal Age
14:41 Wheelbarrow
13:59 Horse Collar
14:28 Double-Bit Axe
16:53 Forging
16:35 Arson
22:10 Castle Age
22:44 Gold Mining
22:48 Stone Mining
24:35 Hand Cart
24:26 Heavy Plow
24:44 Bow Saw
25:15 Gold Shaft Mining
25:51 Treadmill Crane
26:33 Ballistics
29:15 Caravan
34:33 Imperial Age
35:40 Iron Casting
35:06 Scale Mail Armor
34:57 Fletching
35:11 Squires
37:48 Conscription
36:49 Elite Samurai
38:36 Blast Furnace
37:51 Chain Mail Armor
38:04 Kataparuto
37:57 Siege Engineers
38:54 Chemistry
56:42 Bodkin Arrow
57:18 Plate Mail Armor
wwwb5000
15:19 Feudal Age
15:48 Double-Bit Axe
15:45 Horse Collar
16:44 Wheelbarrow
16:03 Stone Mining
16:05 Gold Mining
18:28 Town Watch
18:29 Loom
18:59 Fletching
19:20 Forging
19:10 Scale Mail Armor
20:43 Padded Archer Armor
20:49 Scale Barding Armor
25:43 Castle Age
27:25 Bow Saw
27:19 Heavy Plow
27:44 Hand Cart
28:17 Gold Shaft Mining
28:01 Leather Archer Armor
27:42 Bodkin Arrow
28:22 Iron Casting
27:21 Crossbowman
29:52 Chain Barding Armor
29:48 Chain Mail Armor
31:10 Masonry
31:06 Siphons
31:55 Treadmill Crane
32:26 Careening
33:08 Guard Tower
33:48 Murder Holes
36:19 Ballistics
35:50 Heated Shot
36:10 Fortified Wall
36:43 Town Patrol
40:15 Imperial Age
41:08 Coinage
40:16 Pikeman
40:57 Squires
40:57 Arson
41:16 Arbalester
42:34 Architecture
43:23 Two-Man Saw
42:58 Halberdier
43:40 Arrowslits
47:05 Chemistry
46:40 Keep
46:40 Ring Archer Armor
46:10 Bracer
47:11 Blast Furnace
46:27 Caravan
47:56 Plate Barding Armor
47:52 Plate Mail Armor
47:48 Dry Dock
48:31 Banking
48:53 Siege Engineers
48:59 Clinker Construction
50:06 Guilds
56:27 Capped Ram
Baldassarre Cossa
13:54 Feudal Age
15:23 Double-Bit Axe
15:21 Horse Collar
17:13 Wheelbarrow
24:26 Castle Age
26:40 Bow Saw
26:32 Heavy Plow
26:32 Fletching
26:53 Forging
26:43 Scale Mail Armor
26:44 Padded Archer Armor
26:09 Elite Skirmisher
31:26 Leather Archer Armor
31:27 Chain Mail Armor
37:30 Hand Cart
42:03 Imperial Age
39:23 Loom
41:08 Bodkin Arrow
41:49 Iron Casting
41:07 Gold Mining
41:04 Pikeman
42:11 Squires
42:02 Arson
51:02 Halberdier
53:12 Ring Archer Armor
53:23 Elite Teutonic Knight
CD | Wooddy
9:01 Feudal Age
10:41 Wheelbarrow
10:03 Horse Collar
10:11 Double-Bit Axe
11:15 Gold Mining
16:01 Stone Mining
17:29 Padded Archer Armor
17:30 Scale Mail Armor
17:40 Padded Archer Armor
17:30 Fletching
23:32 Castle Age
23:54 Castle Age
25:03 Hand Cart
24:35 Loom
24:53 Heavy Plow
25:07 Bow Saw
25:35 Stone Shaft Mining
25:38 Gold Shaft Mining
25:09 Caravan
28:02 Leather Archer Armor
27:43 Bodkin Arrow
28:35 Ballistics
27:58 Treadmill Crane
29:46 Red Cliffs Tactics
34:53 Imperial Age
35:10 Elite Fire Archer
35:55 Sitting Tiger
38:14 Bracer
42:54 Chemistry
54:33 Heavy Hei Guang Cavalry
55:14 Husbandry
55:24 Bloodlines
57:02 Scale Barding Armor
57:14 Masonry
57:06 Murder Holes
Connection lost

Rejoining the realm…

Still unreachable

The connection could not be restored.

Session expired

The server has moved on; the page needs a fresh start.